 Dungeon Crawl Stone Soup version 0.24.0-124-g2791043dd8 (webtiles) character file.

Game seed: 12296469877060527270, levelgen mode: deterministic

384 Curus the Cudgeler (level 6, -1/51 HPs)
             Began as a Draconian Berserker on Feb 16, 2020.
             Was a Believer of Trog.
             Slain by Grinder (3 damage)
             ... on level 4 of the Dungeon.
             The game lasted 00:14:05 (3515 turns).

Curus the Cudgeler (Draconian Berserker)            Turns: 3515, Time: 00:14:05

Health: -1/51      AC:  7    Str: 19 (20) XL:     6   Next: 47%
Magic:  6/6        EV: 13    Int: 16      God:    Trog [**....]
Gold:   162        SH:  0    Dex: 12      Spells: 5/5 levels left

rFire    . . .     SeeInvis .   a - +0 mace
rCold    . . .     Gourm    .   (no shield)
rNeg     . . .     Faith    .   (armour unavailable)
rPois    .         Spirit   .   (helmet restricted)
rElec    .         Reflect  .   i - +0 cloak (curse)
rCorr    .         Harm     .   (no gloves)
MR       .....                  (no boots)
Stlth    +.........             (no amulet)
HPRegen  0.17/turn              d - +4 ring of intelligence
MPRegen  0.10/turn              f - +5 ring of intelligence

@: berserk cooldown, slowed, very slow
A: unfitting armour, mutation resistance 1, cold-blooded, AC +6
a: Berserk, Trog's Hand, Renounce Religion


You were on level 4 of the Dungeon.
You worshipped Trog.
Trog was pleased with you.
You were near starving.

You visited 1 branch of the dungeon, and saw 4 of its levels.

You collected 162 gold pieces.

Inventory:

Hand Weapons
 a - a +0 mace (weapon)
Armour
 i - a cursed +0 cloak (worn)
Jewellery
 d - a +4 ring of intelligence (left hand)
 e - an uncursed ring of fire
 f - a +5 ring of intelligence (right hand)
Wands
 h - a wand of polymorph (7)
Scrolls
 g - 3 scrolls of identify
Potions
 c - 2 potions of curing
Comestibles
 b - 3 rations


   Skills:
 - Level 3.2 Fighting
 + Level 7.4 Maces & Flails
 - Level 2.6 Dodging


You had 5 spell levels left.
You didn't know any spells.
Your spell library was empty.

Dungeon Overview and Level Annotations

Branches:
Dungeon (4/15)
 Temple: D:4-7

Altars:
Ashenzari
Elyvilon
Kikubaaqudgha
Nemelex Xobeh
Ru
Zin

Annotations:
D:4 Grinder


Innate Abilities, Weirdness & Mutations

Your plain brown scales are hard. (AC +6)
You cannot fit into any form of body armour.
You are cold-blooded and may be slowed by cold attacks.
You are somewhat resistant to further mutation.


Message History

Grinder blinks!
You can move again.
You feel better.
The orc wizard gestures at you while chanting.
The puff of frost hits you!
* * * LOW HITPOINT WARNING * * *
The orc wizard hits you but does no damage.
Grinder blinks!
The orc wizard hits you but does no damage.
You hit the orc wizard but do no damage.
Grinder gestures at you.
You barely resist.
The orc wizard hits you but does no damage.
Grinder blinks!
You hit the orc wizard but do no damage.
The orc wizard looks braver for a moment.
Grinder hits you.
* * * LOW HITPOINT WARNING * * *
You writhe in agony.
You die...

#.........
#...>......#
#..........##
#..).........
#............
#............
#............
#.....5......
...####....@o......
...[..'............
....###............
....#)).......###..
...#.#######.# #
...#...# ... ##
..###.# #### .#
..#.#.# .###
#.#...#


You could see Grinder and an orc wizard.

Vanquished Creatures
  Sigmund (D:3)
  An orc wizard (D:4)
  A worker ant (D:4)
  6 adders
  A shadow imp (D:3)
  2 oozes
  4 worms
  4 dart slugs
  2 leopard geckos
  7 orcs
  5 giant cockroaches
  3 goblins
  7 hobgoblins
  3 jackals (D:3)
  2 quokkas
  7 bats
  2 frilled lizards
  9 kobolds
  6 rats
73 creatures vanquished.

Notes
Turn   | Place    | Note
-------+----------+-------------------------------------------
     0 | D:1      | Curus the Draconian Berserker began the quest for the Orb.
     0 | D:1      | Reached XP level 1. HP: 19/19 MP: 1/1
    73 | D:1      | Reached XP level 2. HP: 21/26 MP: 2/2
   288 | D:1      | Reached skill level 4 in Maces & Flails
   745 | D:2      | Found a sparkling altar of Nemelex Xobeh.
   764 | D:2      | Reached XP level 3. HP: 9/31 MP: 3/3
  1343 | D:2      | Found a white marble altar of Elyvilon.
  1477 | D:2      | Reached XP level 4. HP: 32/38 MP: 4/4
  1501 | D:2      | Reached ** piety under Trog
  1522 | D:2      | Reached skill level 5 in Maces & Flails
  1738 | D:2      | Found a glowing silver altar of Zin.
  2150 | D:3      | Found a sacrificial altar of Ru.
  2260 | D:3      | Found an ancient bone altar of Kikubaaqudgha.
  2900 | D:3      | Gained mutation: You are somewhat resistant to further
                  | mutation. [potion of mutation]
  2916 | D:3      | Noticed Sigmund
  2933 | D:3      | Killed Sigmund
  2933 | D:3      | Reached skill level 6 in Maces & Flails
  2933 | D:3      | Reached XP level 5. HP: 37/45 MP: 5/5
  2933 | D:3      | Reached XP level 6. HP: 42/51 MP: 6/6
  2940 | D:3      | Reached skill level 7 in Maces & Flails
  3124 | D:3      | Found a shattered altar of Ashenzari.
  3453 | D:4      | Noticed Grinder
  3494 | D:4      | Paralysed by Grinder for 6 turns
  3510 | D:4      | Paralysed by Grinder for 2 turns
  3510 | D:4      | HP: 2/51 [Grinder/nerve-wracking pain (8)]
  3515 | D:4      | HP: 2/51 [Grinder (5)]
  3515 | D:4      | Slain by Grinder

Levels and vault maps discovered:
D:1:      psy_arrival_spokes, layout_basic
D:2:      layout_basic, nemelex_xobeh_ov_fountains_minmay, zin_academy,
          first_ration, elyvilon_altar_3
D:3:      layout_basic, lemuel_round_altar, lemuel_crystal_altar,
          grunt_ministairs_1, cheibrodos_ashenzari_chains, uniq_sigmund
D:4:      layout_basic, uniq_grinder

Skill      XL: |  1  2  3  4  5  6 |
---------------+-------------------+-----
Maces & Flails | 4 6 7 |  7.4
Fighting       | |  3.2
Dodging        | |  2.6

Action                   |  1- 3 |  4- 6 || total
-------------------------+-------+-------++-------
Melee: Mace              |    94 |   204 ||   298
       Tailslap          |     9 |    30 ||    39
Invok: Berserk           |     1 |     5 ||     6
       Trog's Hand       |       |     2 ||     2
  Use: Scroll            |     3 |     1 ||     4
       Potion            |     2 |     5 ||     7
 Stab: Distracted        |     1 |       ||     1
  Eat: Chunk             |     3 |    10 ||    13
Armor: Skin              |    27 |    62 ||    89
Dodge: Dodged            |    57 |   145 ||   202
